 Dungeon Crawl Stone Soup version 0.26.1-2-gb8aa6d0cf2 (webtiles) character file.

Game seed: 5284409480798100386

282 rewtre1qaz the Slasher (level 6, 0/47 HPs)
             Began as a Human Fighter on Mar 12, 2021.
             Killed from afar by an orc wizard (1 damage)
             ... with a magic dart
             ... on level 4 of the Dungeon.
             The game lasted 00:23:23 (3662 turns).

rewtre1qaz the Slasher (Human Fighter)              Turns: 3662, Time: 00:23:25

Health: 0/47       AC: 11    Str: 19    XL:     6   Next: 53%
Magic:  6/6        EV:  5    Int:  8    God:
Gold:   133        SH:  9    Dex: 12    Spells: 5/5 levels left

rFire    . . .     SeeInvis .   a - +0 long sword
rCold    . . .     Faith    .   c - +0 kite shield
rNeg     . . .     Spirit   .   v - +0 chain mail
rPois    .         Reflect  .   y - +0 helmet
rElec    .         Harm     .   B - +0 cloak
rCorr    .         Rampage  .   (no gloves)
Will     .....                  (no boots)
Stlth    ..........             H - amulet of magic regeneration
HPRegen  0.15/turn              (no ring)
MPRegen  0.35/turn              (no ring)

@: mighty
A: no striking features
a: no special abilities


You were on level 4 of the Dungeon.
You visited 1 branch of the dungeon, and saw 4 of its levels.

You collected 133 gold pieces.

Inventory:

Hand Weapons
 a - a +0 long sword (weapon)
 m - a +1 spectral club
 n - a cursed -3 short sword
 E - a +0 hunting sling
Missiles
 e - 54 sling bullets
 f - 126 stones (quivered)
 h - 61 bolts
 k - 20 arrows
 s - 5 poisoned darts
Armour
 b - a +0 scale mail
 c - a +0 kite shield (worn)
 r - a +0 helmet
 v - a +0 chain mail (worn)
 x - a +1 robe of willpower
 y - a +0 helmet (worn)
 A - a +0 leather armour
 B - a +0 cloak (worn)
Jewellery
 t - an uncursed amulet of magic regeneration
 H - an amulet of magic regeneration (around neck)
Wands
 z - a wand of iceblast (9)
 F - a wand of random effects (21)
Scrolls
 i - 3 scrolls of identify {unknown}
 j - 2 scrolls of fear {unknown}
 l - 3 scrolls of enchant weapon {unknown}
 o - a scroll of immolation {unknown}
 p - 3 scrolls of blinking {unknown}
 q - a scroll of fog {unknown}
 w - a scroll of remove curse {unknown}
 C - 3 scrolls of teleportation {unknown}
Potions
 d - a potion of might
 u - 2 potions of flight {unknown}


   Skills:
 + Level 3.6 Fighting
 + Level 4.3 Long Blades
 + Level 4.1 Armour
 + Level 1.1 Dodging
 + Level 3.9 Shields


You had 5 spell levels left.
You didn't know any spells.
Your spell library was empty.

Dungeon Overview and Level Annotations

Branches:
Dungeon (4/15)
 Temple: D:4-7

Altars:
Ashenzari
Cheibriados
Dithmenos


Message History

The orc hits you but does no damage.
You barely miss the orc.
You feel less confused. The hound bites you but does no damage.
The hound bites you.
* * * LOW HITPOINT WARNING * * *
Something hits you but does no damage. The orc hits you but does no damage.
Your chain mail prevents you from hitting something.
You block the hound's attack.
You hear some strange, mumbled words.
Something tries to affect you, but you resist.
Something hits you but does no damage. You block the orc's attack.
The hound closely misses you.
You riposte.
You slash the hound!
You kill the hound!
You slash the orc!
You kill the orc!
You block something's attack.
You hear some strange, mumbled words.
A magic dart appears from out of thin air!
The magic dart hits you.
You die...

.........
.........
#......#
#......##
#.).....#
#.......#
#o)......
##†.......
##@{......$
#.{)......#
##.........#
#..........#
####......##
.## . #......#
..#..
#.....######...
#.....###..#.#
##............#


You could see an orc.

Vanquished Creatures
  A scorpion (D:3)
  A hound (D:4)
  An orc wizard (D:4)
  An orc priest (D:4)
  Jessica (D:2)
  Ijyb (D:3)
  A gnoll (D:1)
  3 adders (D:3)
  2 dart slugs (D:3)
  2 leopard geckos (D:1)
  An orc (D:4)
  A ball python (D:3)
  6 bats
  3 giant cockroaches
  10 hobgoblins
  A frilled lizard (D:2)
  5 goblins
  8 kobolds
  6 rats
55 creatures vanquished.

Notes
Turn   | Place    | Note
-------+----------+-------------------------------------------
     0 | D:1      | rewtre1qaz the Human Fighter began the quest for the Orb.
     0 | D:1      | Reached XP level 1. HP: 18/18 MP: 1/1
   193 | D:1      | Reached XP level 2. HP: 18/24 MP: 2/2
   530 | D:1      | You fall into a shaft and drop 1 floor!
   555 | D:2      | Noticed Jessica
   563 | D:2      | Killed Jessica
   564 | D:2      | Reached XP level 3. HP: 26/29 MP: 3/3
   779 | D:1      | Reached XP level 4. HP: 35/35 MP: 4/4
   819 | D:1      | Found a snail-covered altar of Cheibriados.
  1828 | D:2      | Found a broken altar of Ashenzari.
  1829 | D:2      | Found a shadowy altar of Dithmenos.
  2098 | D:3      | Noticed Ijyb
  2129 | D:3      | Killed Ijyb
  2250 | D:3      | Reached XP level 5. HP: 39/41 MP: 5/5
  3207 | D:3      | Reached XP level 6. HP: 44/47 MP: 6/6
  3638 | D:4      | Reached skill level 1 in Dodging
  3660 | D:4      | HP: 1/47 [hound (4)]
  3662 | D:4      | Killed from afar by an orc wizard

Illustrated notes

Levels and vault maps discovered:
D:1:      minmay_arrival_wavy_path, layout_basic, cheibriados_altar_1
D:2:      layout_loops_ring, minitemple, uniq_jessica
D:3:      layout_basic, serial_glass, glass_columns_a, glass_columns_b,
          uniq_ijyb
D:4:      layout_cave_pods, uniq_menkaure

Skill      XL: |  1  2  3  4  5  6 |
---------------+-------------------+-----
Long Blades    | 3 4 |  4.3
Armour         | 4 |  4.1
Dodging        | 1 |  1.1
Fighting       | |  3.6
Shields        | |  3.9

Action                   |  1- 3 |  4- 6 || total
-------------------------+-------+-------++-------
Melee: Long sword        |    58 |   168 ||   226
  Use: Potion            |       |     5 ||     5
Armor: Scale mail        |    26 |    16 ||    42
       Chain mail        |       |   159 ||   159
Dodge: Dodged            |    13 |    46 ||    59
Block: Kite shield       |    45 |   143 ||   188
       Rpst.: Long sword |     3 |    12 ||    15
